 Dungeon Crawl Stone Soup version 0.31-a0-321-g19405a7a6a (webtiles) character file.

Game seed: 7155926791981689940

4284 marky1606 the Martial Artist (level 10, -3/71 HPs)
             Began as a Demonspawn Shapeshifter on July 17, 2023.
             Slain by a black bear (12 damage)
             ... on level 7 of the Dungeon.
             The game lasted 00:13:29 (7841 turns).

marky1606 the Martial Artist (DsSh)                 Turns: 7841, Time: 00:13:29

Health: -3/71      AC:  3    Str: 16    XL:     10   Next: 10%
Magic:  10/10      EV: 16    Int:  9    God:
Gold:   441        SH:  0    Dex: 18    Spells: 9/9 levels left

rFire   + .          .
                       - Unarmed
rCold   . . .        (no shield)
rNeg    . . .        a - +2 animal skin
rPois   +            (helmet currently unavailable)
rElec   .            (cloak currently unavailable)
rCorr   .            (gloves currently unavailable)
SInv    .            (boots currently unavailable)
Will    +....        (no amulet)
Stlth   ++           p - ring of poison resistance
HPRegen 0.31/turn    h - ring of protection from fire
MPRegen 0.12/turn

%: no passive effects
@: beast-form, unable to drink
A: beast (slay +4), spiny 2, weakness stinger 2, demonic touch 2, deformed body,
strong-willed 1, inability to drink after injury 2
a: Begin Untransformation


You were on level 7 of the Dungeon.
You were a hulking beast.
You visited 1 branch of the dungeon, and saw 7 of its levels.

You collected 441 gold pieces.

Inventory:

Armour
 a - a +2 animal skin (worn)
 k - a +2 helmet of see invisible
Jewellery
 e - a ring of protection from cold
 f - a ring of positive energy
 h - a ring of protection from fire (right hand)
 p - a ring of poison resistance (left hand)
Talismans
 c - a beast talisman
Wands
 m - a wand of mindburst (6)
 n - a wand of flame (8)
Scrolls
 d - 2 scrolls of noise
 g - a scroll of enchant weapon
 i - 6 scrolls of identify
 j - a scroll of fear
 l - a scroll of vulnerability {unknown}
 r - a scroll of revelation
Potions
 b - 2 potions of lignification
 o - 2 potions of brilliance


   Skills:
 + Level 4.0 Fighting
 * Level 6.8 Dodging
 + Level 8.9 Unarmed Combat
 * Level 6.6 Shapeshifting


You had 9 spell levels left.
You didn't know any spells.
Your spell library contained the following spells:

 Spells                   Type           Power      Damage    Failure   Level
 Kiss of Death            Conj/Necr      0%         2d5       38%         1
 Blink                    Tloc           0%         N/A       52%         2
 Ensorcelled Hibernation  Hex/Ice        0%         N/A       52%         2
 Confusing Touch          Hex            0%         N/A       77%         3
 Frozen Ramparts          Ice            0%         1d1       77%         3
 Ozocubu's Armour         Ice            0%         N/A       77%         3
 Portal Projectile        Hex/Tloc       0%         N/A       77%         3
 Tukima's Dance           Hex            0%         N/A       77%         3
 Anguish                  Hex/Necr       0%         N/A       99%         4
 Dispel Undead            Necr           0%         3d6       99%         4
 Iskenderun's Mystic Bla  Conj/Tloc      0%         2d3       99%         4
 Manifold Assault         Tloc           0%         N/A       99%         4
 Passage of Golubria      Tloc           0%         N/A       99%         4
 Petrify                  Tmut/Erth      0%         N/A       99%         4
 Metabolic Englaciation   Hex/Ice        0%         N/A       100%        5
 Silence                  Hex/Air        0%         N/A       100%        5
 Simulacrum               Ice/Necr       0%         N/A       100%        6
 Lehudib's Crystal Spear  Conj/Erth      0%         10d2      100%        8


Dungeon Overview and Level Annotations

Branches:
Dungeon (7/15)             Temple (0/1) D:6

Altars:
Ashenzari
Fedhas
Kikubaaqudgha
Xom
Yredelemnul

Shops:
D:7 !:


Innate Abilities, Weirdness & Mutations

You are a hulking beast.
Your limbs bulge with bestial killing power. (Slay +4)
You are mostly covered in sharp spines.
You have a tail ending in a sharp stinger.
Your touch may inflict irresistible damage on your foes.
Armour fits poorly on your strangely shaped body.
You are strong-willed. (Will+)
You sometimes lose the ability to drink potions when taking damage.


Message History

You touch the wolf.
You kill the wolf!
You hit the yak.
The yak is severely wounded.
The yak is struck by your spines. The yak gores you.
You hit the yak.
You kill the yak!
There are monsters nearby!
There is a stone staircase leading down here.
You barely miss the black bear.
You touch the black bear.
The black bear is moderately wounded.
The black bear is struck by your spines.
The black bear bites you but does no damage.
The black bear claws you. The black bear completely misses you.
You punch the black bear!
The black bear is severely wounded.
The black bear is struck by your spines.
The black bear barely misses you.
The black bear claws you but does no damage.
The black bear claws you. The yak barely misses you.
The yak attacks as you move away! The yak is struck by your spines.
The yak gores you!
The black bear goes berserk!
The black bear is struck by your spines.
The black bear closely misses you. x2; The black bear misses you.
There is a stone staircase leading down here.
You punch the black bear!
Your tail-slap misses the black bear.
Your touch misses the black bear.
The black bear is heavily wounded.
The black bear bites you.
* * * LOW HITPOINT WARNING * * *
The black bear claws you.
* * * LOW HITPOINT WARNING * * *
The black bear barely misses you. The yak closely misses you.
The black bear is struck by your spines.
The black bear bites you.
* * * LOW HITPOINT WARNING * * *
The black bear claws you but does no damage.
The black bear misses you. The black bear bites you!
You die...

#........##...≈≈..............###
#.....##......≈≈.###.#...........
#.....###........#...#..........Y
#.....# ##.......#.###...........
......# #.......#.# ###.#####...
......# #.........# #.# #...
......####........######.# #...
.#.......+......Yhh....#Y#####...
.#########......hhhhY..†.........
.# #############.#....†.... .#
#.####...#.# .# #.####...#.. .#
#........### .# ####.....# .#
#.##.## .# #.##.#### .# #.##.....


You could see 2 yaks and 5 black bears.

Vanquished Creatures
  Pikel (D:6)
  The ghost of spiderkeys the Trooper, a novice DsWn (D:6)
  2 yaks
  A wyvern (D:7)
  A steam dragon (D:5)
  An ice beast (D:7)
  4 black bears
  4 ogres
  A centaur (D:6)
  3 wolves (D:7)
  A phantom (D:7)
  3 lemures
  A bullfrog (D:6)
  4 scorpions
  3 killer bees (D:6)
  3 howler monkeys
  An electric eel (D:7)
  4 jellies
  The ghost of Zonian the Changeling, a weakling FeSh (D:3)
  7 hounds
  3 orc priests
  A gnoll bouda (D:6)
  3 sleepcaps
  Jessica (D:2)
  2 orc wizards
  Natasha (thrice) (D:2)
  3 iguanas
  Terence (D:3)
  4 gnolls (D:6)
  8 adders
  3 shadow imps
  An ufetubus (D:6)
  A worm (D:2)
  6 dart slugs
  20 orcs
  5 ball pythons
  8 bats
  3 endoplasms
  3 giant cockroaches
  4 hobgoblins
  6 quokkas
  3 frilled lizards
  6 goblins
  5 kobolds
  6 rats
  A butterfly (D:6)
157 creatures vanquished.

Vanquished Creatures (collateral kills)
  A gnoll (D:6)
1 creature vanquished.

Vanquished Creatures (others)
  An orc wizard (D:6)
1 creature vanquished.

Grand Total: 159 creatures vanquished

Notes
Turn   | Place    | Note
-------+----------+-------------------------------------------
     0 | D:1      | marky1606 the Demonspawn Shapeshifter began the quest for
                  | the Orb.
     0 | D:1      | Reached XP level 1. HP: 16/16 MP: 1/1
   370 | D:1      | Gained mutation: You are partially covered in sharp spines.
                  | [demonic ancestry]
   370 | D:1      | Reached XP level 2. HP: 16/22 MP: 2/2
   572 | D:1      | Reached skill level 2 in Unarmed Combat
  1188 | D:2      | Reached XP level 3. HP: 27/27 MP: 3/3
  1447 | D:2      | Noticed Jessica
  1454 | D:2      | Killed Jessica
  1559 | D:2      | Noticed Natasha
  1573 | D:2      | Killed Natasha
  1574 | D:2      | Reached XP level 4. HP: 33/33 MP: 4/4
  1663 | D:2      | Noticed Natasha
  1669 | D:2      | Killed Natasha
  1785 | D:2      | Noticed Natasha
  1792 | D:2      | Killed Natasha
  1793 | D:2      | Discovered your monstrous ancestry.
  1793 | D:2      | Gained mutation: Your touch may inflict minor irresistible
                  | damage on your foes. [demonic ancestry]
  1793 | D:2      | Reached XP level 5. HP: 38/38 MP: 5/5
  2308 | D:3      | Found a runed translucent door.
  2308 | D:3      | Noticed Zonian's ghost (weakling FeSh)
  2560 | D:3      | Reached skill level 3 in Unarmed Combat
  2745 | D:3      | Noticed Terence
  2753 | D:3      | Killed Terence
  3017 | D:3      | Killed Zonian's ghost
  3018 | D:3      | Gained mutation: Your touch may inflict irresistible damage
                  | on your foes. [demonic ancestry]
  3018 | D:3      | Reached XP level 6. HP: 27/44 MP: 6/6
  3093 | D:3      | Gained mutation: Your mind is acute. (Int +4, Str/Dex -1)
                  | [potion of mutation]
  3442 | D:4      | Reached skill level 4 in Unarmed Combat
  3446 | D:4      | Gained mutation: You are mostly covered in sharp spines.
                  | [demonic ancestry]
  3446 | D:4      | Reached XP level 7. HP: 36/51 MP: 7/7
  4232 | D:5      | Entered Level 5 of the Dungeon
  4241 | D:5      | Reached skill level 5 in Shapeshifting
  4261 | D:5      | Reached skill level 5 in Unarmed Combat
  4374 | D:5      | Reached XP level 8. HP: 46/57 MP: 8/8
  4791 | D:5      | Found an ancient bone altar of Kikubaaqudgha.
  4791 | D:5      | Found a broken altar of Ashenzari.
  4791 | D:5      | Found a shimmering altar of Xom.
  4791 | D:5      | Found a basalt altar of Yredelemnul.
  4814 | D:5      | Reached skill level 6 in Unarmed Combat
  5486 | D:6      | Noticed Pikel
  5643 | D:6      | Killed Pikel
  5644 | D:6      | Reached skill level 5 in Dodging
  5644 | D:6      | Reached skill level 7 in Unarmed Combat
  5644 | D:6      | Gained mutation: You have a small tail. [demonic ancestry]
  5644 | D:6      | Reached XP level 9. HP: 22/63 MP: 9/9
  5907 | D:6      | Found a staircase to the Ecumenical Temple.
  6029 | D:6      | Noticed spiderkeys's ghost (novice DsWn)
  6036 | D:6      | Found a runed translucent gate.
  6036 | D:6      | Found a runed translucent gate.
  6114 | D:6      | Lost mutation: Your mind is acute. (Int +4, Str/Dex -1)
                  | [potion of mutation]
  6114 | D:6      | Gained mutation: You occasionally lose the ability to drink
                  | potions when taking damage. [potion of mutation]
  6114 | D:6      | Gained mutation: Armour fits poorly on your strangely
                  | shaped body. [potion of mutation]
  6114 | D:6      | Gained mutation: You sometimes lose the ability to drink
                  | potions when taking damage. [potion of mutation]
  6114 | D:6      | Gained mutation: You are strong-willed. (Will+) [potion of
                  | mutation]
  6225 | D:6      | Found a runed translucent gate.
  6530 | D:6      | Killed spiderkeys's ghost
  6531 | D:6      | Reached skill level 8 in Unarmed Combat
  6720 | D:6      | Identified the +1 robe of Resonance {Int+4 SInv}
  6871 | D:7      | Found a runed translucent gate.
  6871 | D:7      | Found a runed translucent gate.
  6872 | D:7      | Found a runed translucent gate.
  6874 | D:7      | Noticed a polar bear
  7040 | D:7      | Found Dufigod's Book Shoppe.
  7073 | D:7      | Found Muzeit's Distillery.
  7123 | D:7      | Found a blossoming altar of Fedhas.
  7819 | D:7      | Gained mutation: You have a tail ending in a sharp stinger.
                  | [demonic ancestry]
  7819 | D:7      | Reached XP level 10. HP: 56/71 MP: 10/10
  7841 | D:7      | Slain by a black bear

Illustrated notes

Levels and vault maps discovered:
D:1:      minmay_arrival_widening_spiral_narrow, layout_loops_ring,
          minmay_pentomino_r4
D:2:      layout_loops_ring, uniq_natasha, uniq_jessica
D:3:      layout_loops_cross, ebering_ghost_inner_flame, uniq_terence
D:4:      layout_basic, grunt_ministairs_4, serial_bayou_lagoon_a
D:5:      layout_loops_cross, chequers_temple_overflow_statue_of_worship,
          st_stairs_1
D:6:      layout_loops_cross, minmay_temple_entry_butterflies,
          gammafunk_ghost_split, uniq_pikel
D:7:      lemuel_bear_cage, layout_basic, old_standard_altar,
          nicolae_wooded_promenade

Skill      XL: |  1  2  3  4  5  6  7  8  9 10 |
---------------+-------------------------------+-----
Shapeshifting  | 3 4 5 6 |  6.6
Unarmed Combat | 2 3 4 5 7 8 |  8.9
Dodging        | 2 3 5 6 |  6.8
Fighting       | 3 4 |  4.0

Action                     |  1- 3 |  4- 6 |  7- 9 | 10-12 || total
---------------------------+-------+-------+-------+-------++-------
  Melee: Unarmed           |    64 |    88 |   193 |     9 ||   354
         Punch             |     2 |       |    11 |       ||    13
         Touch             |       |    14 |    39 |     3 ||    56
         Tailslap          |       |       |    12 |     2 ||    14
    Use: Scroll            |     1 |     4 |     7 |       ||    12
         Potion            |     1 |     3 |     2 |       ||     6
   Stab: Sleeping          |     2 |     3 |     4 |       ||     9
 Armour: Animal skin       |     9 |     8 |    30 |     3 ||    50
  Dodge: Dodged            |    31 |    38 |   133 |    18 ||   220

Table legend: (Time is in decaauts)
 A = Elapsed time spent in this place.
 B = Non-inter-level travel time spent in this place.
 C = Inter-level travel time spent in this place.
 D = Time resting spent in this place.
 E = Time spent auto-exploring this place.
 F = Levels seen in this place.
 G = Mean time per level.
                   A        B        C        D        E       F      G
               +--------+--------+--------+--------+--------+-----+--------+
         Total |   7822 |   7560 |    262 |    589 |   5781 |   7 | 1117.4 |
       Dungeon |   7822 |   7560 |    262 |    589 |   5781 |   7 | 1117.4 |
               +--------+--------+--------+--------+--------+-----+--------+

Top non-repeatable levels by time:
     D:6: 1255 daAuts
     D:5: 1238 daAuts
     D:1: 1173 daAuts
     D:3: 1130 daAuts
     D:7: 1093 daAuts
     D:2: 1022 daAuts
     D:4: 908 daAuts
